 Dungeon Crawl Stone Soup version 0.27.1-2-g3b301248ec (webtiles) character file.

Game seed: 3886080796976095609

22 raph the Firebug (level 2, 0/15 HPs)
             Began as a Deep Elf Fire Elementalist on Sept 26, 2021.
             Killed from afar by Natasha (5 damage)
             ... with a magic dart
             ... on level 2 of the Dungeon.
             The game lasted 00:02:24 (1401 turns).

raph the Firebug (Deep Elf Fire Elementalist)       Turns: 1401, Time: 00:02:25

Health: 0/15       AC:  2    Str:  5    XL:     2   Next: 68%
Magic:  8/8        EV: 12    Int: 19    God:
Gold:   39         SH:  0    Dex: 15    Spells: 6/7 levels left

rFire    . . .     SeeInvis .   f - +0 war axe
rCold    . . .     Faith    .   (no shield)
rNeg     . . .     Spirit   .   a - +0 robe
rPois    .         Reflect  .   (no helmet)
rElec    .         Harm     .   (no cloak)
rCorr    .         Rampage  .   (no gloves)
Will     .....                  (no boots)
Stlth    ++........             (no amulet)
HPRegen  0.05/turn              (no ring)
MPRegen  0.11/turn              (no ring)

@: no status effects
A: no striking features
a: no special abilities


You were on level 2 of the Dungeon.
You visited 1 branch of the dungeon, and saw 2 of its levels.

You collected 39 gold pieces.

Inventory:

Hand Weapons
 f - a +0 war axe (weapon)
Armour
 a - a +0 robe (worn)
Scrolls
 c - a scroll of blinking {unknown}
 d - a scroll of teleportation {unknown}
Potions
 b - 2 potions of brilliance {unknown}
 e - a potion of curing {unknown}
 g - a potion of heal wounds {unknown}
 h - a potion of cancellation {unknown}
 i - a potion of invisibility {unknown}


   Skills:
 + Level 2.6 Dodging
 + Level 2.7 Stealth
 + Level 3.2 Spellcasting
 * Level 1.9 Conjurations
 * Level 3.6 Fire Magic


You had 6 spell levels left.
You knew the following spells:

 Your Spells              Type           Power      Damage    Failure   Level
a - Foxfire               Conj/Fire      52%        2x1d6     4%          1

Your spell library contained the following spells:

 Spells                   Type           Power      Damage    Failure   Level
 Conjure Flame            Conj/Fire      13%        6-21      14%         3
 Inner Flame              Hex/Fire       10%        N/A       22%         3
 Sticky Flame             Conj/Fire      13%        2d4       43%         4
 Fireball                 Conj/Fire      6%         3d5       78%         5


Dungeon Overview and Level Annotations

Branches:
Dungeon (2/15)

Altars:

Shops:
D:1 [*=?=

Annotations:
D:2 Natasha


Message History

You start resting.
Magic restored.
You start waiting.
Done waiting.
You see here a worm corpse.
i - a puce potion You open the door.
There is an open door here.
You see here a worm corpse.
Found a stone staircase leading down.
There is a stone staircase leading down here.
Found a brown potion.
b - 2 brown potions (gained 1)
You open the door.
Found an escape hatch in the ceiling.
Found a stone staircase leading down.
Natasha, Servant of Life and Death comes into view.
Natasha hisses angrily.
Natasha mumbles some strange words.
Natasha shimmers violently.
Natasha claws you.
Casting: Foxfire (safe; 4% risk of failure)
Confirm with . or Enter, or press ? or * to list all spells.
You conjure some foxfire!
Natasha misses you.
The foxfire hits Natasha.
Natasha is heavily wounded.
Natasha barely misses you.
Your foxfire dissipates!
Natasha barely misses you.
Natasha growls.
Natasha closely misses you.
You barely miss Natasha.
Natasha is heavily wounded.
Natasha misses you.
Natasha stares at you and mumbles some strange words.
The magic dart hits you.
* * * LOW HITPOINT WARNING * * *
Natasha stares at you and mumbles some strange words.
The magic dart hits you.
You die...

######..######
#......>......
#.############
#.# #.# #.# #.#
#############.#
#.####
#......h.@....#
#.....
#.#############
###### #.# #.#
#.# #.# #.#
#.######
#......#


You could see Natasha.

Vanquished Creatures
  A worm (D:2)
  2 ball pythons (D:1)
  4 endoplasms (D:1)
  2 giant cockroaches (D:1)
  2 hobgoblins (D:1)
  A quokka (D:1)
  A bat (D:1)
  A frilled lizard (D:1)
  2 goblins (D:1)
  A rat (D:1)
17 creatures vanquished.

Vanquished Creatures (others)
  52 foxfires
52 creatures vanquished.

Grand Total: 69 creatures vanquished

Notes
Turn   | Place    | Note
-------+----------+-------------------------------------------
     0 | D:1      | raph the Deep Elf Fire Elementalist began the quest for the
                  | Orb.
     0 | D:1      | Reached XP level 1. HP: 10/10 MP: 6/6
   148 | D:1      | Found Ysuupier's Jewellery Shoppe.
   189 | D:1      | Found Kahofummyxun's Magic Scroll Emporium.
   235 | D:1      | Found Cueck's Jewellery Boutique.
   314 | D:1      | Reached XP level 2. HP: 15/15 MP: 4/8
   743 | D:1      | Found Yqastran's Armour Emporium.
   778 | D:1      | Found Velere's General Store.
  1380 | D:2      | Noticed Natasha
  1401 | D:2      | Killed from afar by Natasha

Illustrated notes

Levels and vault maps discovered:
D:1:      psy_arrival_fountain, layout_loops_cross, serial_shops,
          nicolae_square_shop, nicolae_shop_stone, shop, nicolae_shop_trees,
          shop
D:2:      layout_basic, dreamdust_ecumenical_altar_statues, uniq_natasha,
          uniq_terence

Action                   || total
-------------------------++-------
Melee: Unarmed           ||     1
       War axe           ||     2
 Cast: Foxfire           ||    31
Dodge: Dodged            ||     9
